 Dungeon Sprint DCSS version 0.25.1-2-g60ff931df9 (webtiles) character file.

Game seed: 8280818027278541867

1012 Cadaver the Arsonist (level 8, -20/99 HPs)
             Began as a White Draconian Fire Elementalist on Nov 7, 2020.
             Was a High Priest of Vehumet.
             Demolished by a phantasmal warrior (26 damage)
             ... in the Dungeon (Sprint VII: "The Pits").
             The game lasted 00:07:09 (792 turns).

Cadaver the Arsonist (DrFE)                          Turns: 792, Time: 00:07:10

Health: -20/99     AC:  6    Str: 12    XL:     8   Next: 1%
Magic:  7/20       EV: 12    Int: 17    God:    Vehumet [*****.]
Gold:   0          SH:  0    Dex: 11    Spells: 4/23 levels left

rFire    . . .     SeeInvis .   q - +0 quarterstaff (speed)
rCold    + . .     Gourm    .   (shield currently unavailable)
rNeg     . . .     Faith    .   (armour unavailable)
rPois    .         Spirit   .   (helmet restricted)
rElec    .         Reflect  .   (no cloak)
rCorr    .         Harm     .   (no gloves)
MR       .....     NoTele   +   (no boots)
Stlth    ..........             (no amulet)
HPRegen  0.26/turn              (no ring)
MPRegen  0.17/turn              (no ring)

@: berserking, vulnerable, very quick
A: breathe frost, unfitting armour, cold resistance 1, cold-blooded, AC +6
a: Breathe Frost, Renounce Religion


You were in the Dungeon.
You worshipped Vehumet.
Vehumet was extremely pleased with you.
You were hungry.

You visited 1 branch

Inventory:

Hand Weapons
 i - a +2 quarterstaff
 q - a +0 quarterstaff of speed (weapon)
Missiles
 o - 10 stones (quivered)
Magical Staves
 p - an uncursed staff of energy
Scrolls
 h - a scroll of blinking
 k - 3 scrolls of remove curse
 l - 5 scrolls of amnesia
 m - a scroll of summoning
 n - 2 scrolls of vulnerability
Potions
 c - 6 potions of curing
 d - 5 potions of heal wounds
 e - a potion of haste
 f - 4 potions of magic
 g - a potion of berserk rage
 j - 2 potions of invisibility
Comestibles
 b - 9 rations


   Skills:
 + Level 4.2 Fighting
 + Level 7.1 Staves
 - Level 2.1 Dodging
 - Level 1.8 Stealth
 + Level 8.2 Spellcasting
 + Level 5.4 Conjurations
 + Level 9.9 Fire Magic
 + Level 0.9 Earth Magic


You had 4 spell levels left.
You knew the following spells:

 Your Spells              Type           Power        Failure   Level  Hunger
a - Foxfire               Conj/Fire      ####         1%          1    None
b - Conjure Flame         Conj/Fire      ####....     1%          3    #......
c - Sticky Flame          Conj/Fire      ####....     1%          4    ###....
d - Fireball              Conj/Fire      ####......   3%          5    #####..
e - Ignite Poison         Fire/Tmut/Pois ###.....     2%          3    #......
f - Stone Arrow           Conj/Erth      ###...       2%          3    #......

Your spell library contained the following spells:

 Spells                   Type           Power        Failure   Level  Hunger
 Iskenderun's Mystic Bla  Conj/Tloc      ###.....     9%          4    ###....
 Inner Flame              Hex/Fire       ###.....     1%          3    #......


Dungeon Overview and Level Annotations

Branches:
Dungeon (1/1)

Altars:
Ashenzari
Cheibriados
Dithmenos
Elyvilon
Fedhas
Gozag
Hepliaklqana
Kikubaaqudgha
Makhleb
Nemelex Xobeh
Okawaru
Qazlal
Ru
Sif Muna
Trog
Uskayaw
Vehumet
Wu Jian
Xom
Yredelemnul
Zin
The Shining One
Beogh
Jiyva
Lugonu


Innate Abilities, Weirdness & Mutations

You can breathe waves of freezing cold.
You can buffet flying creatures when you breathe cold.
Your icy white scales are hard. (AC +6)
You cannot fit into any form of body armour.
Your flesh is cold resistant. (rC+)
You are cold-blooded and may be slowed by cold attacks.


Message History

The phantasmal warrior is moderately damaged.
The phantasmal warrior hits you.
Your magical defenses are stripped away!
You barely miss the phantasmal warrior.
The phantasmal warrior is moderately damaged.
You hit the phantasmal warrior but do no damage.
The phantasmal warrior is moderately damaged.
The phantasmal warrior barely misses you.
You hit the phantasmal warrior but do no damage.
The phantasmal warrior is moderately damaged.
You sock the phantasmal warrior!
The phantasmal warrior is heavily damaged.
The phantasmal warrior hits you!!
* * * LOW HITPOINT WARNING * * *
You hit the phantasmal warrior.
The phantasmal warrior is heavily damaged.
You sock the phantasmal warrior!
The phantasmal warrior is severely damaged.
The phantasmal warrior hits you!!
You die...

#.#...#.#))#####'#####++#
#.#...'.#))##.......#
#.##'####).##.......#
#.#.....#[[##.......#
#)#.....#'###...<...#
#.#........##.......#
#.#........##.......#
#'###########.......#
#.).....#@W##########
#.###.§.#†## #.#...v.#.#
#.#...#§#'#
#.....#§#.'..W.+
#...###§#'#.s..#
#.....†.).#....#
########### ####


You could see a phantasmal warrior.

Vanquished Creatures
  A demonic crawler (D)
  A soldier ant (D)
  3 floating eyes (D)
  An ice beast (D)
  A sky beast (D)
  A phantom (D)
  A crimson imp (D)
  2 orc priests (D)
  An ooze (D)
  An adder skeleton (D)
  2 orcs (D)
  A bat skeleton (D)
  2 bat zombies (D)
  A giant cockroach (D)
  A ball python (D)
  A frilled lizard (D)
  A giant cockroach zombie (D)
  A quokka zombie (D)
  A rat (D)
24 creatures vanquished.

Vanquished Creatures (others)
  47 foxfires (D)
47 creatures vanquished.

Grand Total: 71 creatures vanquished

Notes
Turn   | Place    | Note
-------+----------+-------------------------------------------
     0 | D        | Cadaver the Draconian Fire Elementalist began the quest for
                  | the Orb.
     0 | D        | Reached XP level 1. HP: 14/14 MP: 3/3
    47 | D        | Found a bloodstained altar of Trog.
    47 | D        | Found a shimmering blue altar of Sif Muna.
    47 | D        | Found a viscous altar of Jiyva.
    47 | D        | Found a hazy altar of Hepliaklqana.
    47 | D        | Found an opulent altar of Gozag.
    48 | D        | Found a glowing golden altar of the Shining One.
    48 | D        | Found a glowing silver altar of Zin.
    48 | D        | Found a basalt altar of Yredelemnul.
    48 | D        | Found a shimmering altar of Xom.
    48 | D        | Found an ornate altar of the Wu Jian Council.
    48 | D        | Found a sacrificial altar of Ru.
    48 | D        | Found a stormy altar of Qazlal.
    48 | D        | Found an iron altar of Okawaru.
    48 | D        | Found a sparkling altar of Nemelex Xobeh.
    48 | D        | Found a burning altar of Makhleb.
    48 | D        | Found a blossoming altar of Fedhas.
    48 | D        | Found a white marble altar of Elyvilon.
    48 | D        | Found a shadowy altar of Dithmenos.
    48 | D        | Found a snail-covered altar of Cheibriados.
    49 | D        | Found a radiant altar of Vehumet.
    49 | D        | Found a corrupted altar of Lugonu.
    49 | D        | Found a roughly hewn altar of Beogh.
    50 | D        | Found a hide-covered altar of Uskayaw.
    50 | D        | Found an ancient bone altar of Kikubaaqudgha.
    50 | D        | Found a shattered altar of Ashenzari.
    57 | D        | Became a worshipper of Vehumet
   102 | D        | Noticed a floating eye
   106 | D        | Paralysed by a floating eye for 3 turns
   110 | D        | Reached * piety under Vehumet
   110 | D        | Offered knowledge of Magic Dart by Vehumet.
   112 | D        | Paralysed by a floating eye for 4 turns
   116 | D        | Killed a floating eye
   116 | D        | Reached skill level 1 in Fighting
   116 | D        | Reached skill level 7 in Fire Magic
   116 | D        | Reached XP level 2. HP: 17/23 MP: 4/7
   116 | D        | Reached XP level 3. HP: 21/28 MP: 4/8
   116 | D        | Reached XP level 4. HP: 26/35 MP: 5/10
   121 | D        | Learned a level 3 spell: Conjure Flame
   126 | D        | Learned a level 4 spell: Sticky Flame
   204 | D        | Reached ** piety under Vehumet
   204 | D        | Reached skill level 8 in Fire Magic
   263 | D        | Noticed a phantom
   279 | D        | Offered knowledge of Freeze by Vehumet.
   279 | D        | Reached *** piety under Vehumet
   314 | D        | Killed a phantom
   314 | D        | Reached skill level 5 in Spellcasting
   314 | D        | Reached skill level 9 in Fire Magic
   314 | D        | Reached XP level 5. HP: 37/41 MP: 4/12
   387 | D        | Noticed a floating eye
   398 | D        | Noticed an ice beast
   400 | D        | Paralysed by a floating eye for 4 turns
   408 | D        | Paralysed by a floating eye for 3 turns
   413 | D        | Killed a floating eye
   413 | D        | Offered knowledge of Ignite Poison by Vehumet.
   413 | D        | Reached skill level 10 in Fire Magic
   413 | D        | Reached XP level 6. HP: 48/48 MP: 11/15
   416 | D        | Killed an ice beast
   416 | D        | Reached **** piety under Vehumet
   433 | D        | Learned a level 5 spell: Fireball
   437 | D        | Learned a level 3 spell: Ignite Poison
   464 | D        | Noticed a floating eye
   470 | D        | Paralysed by a floating eye for 4 turns
   475 | D        | Killed a floating eye
   475 | D        | Offered knowledge of Stone Arrow by Vehumet.
   475 | D        | Reached skill level 5 in Staves
   475 | D        | Your scales start taking on an icy white colour.
   475 | D        | Reduced skill Fire Magic to level 9
   475 | D        | Reached XP level 7. HP: 57/57 MP: 15/17
   475 | D        | Gained mutation: Your flesh is cold resistant. (rC+) [White
                  | Draconian growth]
   482 | D        | Learned a level 3 spell: Stone Arrow
   491 | D        | Offered knowledge of Static Discharge by Vehumet.
   591 | D        | Reached ***** piety under Vehumet
   595 | D        | Offered knowledge of Iskenderun's Mystic Blast by Vehumet.
   606 | D        | Reached skill level 5 in Conjurations
   771 | D        | Noticed a phantasmal warrior
   771 | D        | Noticed a demonic crawler
   783 | D        | Killed a demonic crawler
   783 | D        | Reached XP level 8. HP: 39/66 MP: 6/20
   792 | D        | Demolished by a phantasmal warrior

Illustrated notes

Levels and vault maps discovered:
D:        pitsprint [storerooms_1, entrance_room_1, metal_vault_2, armoury_3,
          mini_pit_1, grid_room_1, main_hall_1, silver_pit, the_coven_2,
          the_vestibule_1, steel_vault_2, golden_pit, hallway_of_sentries,
          crystal_vault_5, iron_vault_5, final_vault]

Skill      XL: |  1  2  3  4  5  6  7 |
---------------+----------------------+-----
Dodging        | 2 |  2.1
Fighting       | 1 2 3 4 |  4.2
Staves         | 2 3 5 7 |  7.1
Spellcasting   | 4 5 6 7 8 |  8.2
Fire Magic     | 7 9 10 9 |  9.9
Conjurations   | 2 3 4 5 |  5.4
Stealth        | |  1.8
Earth Magic    | |  0.9

Action                   |  1- 3 |  4- 6 |  7- 9 || total
-------------------------+-------+-------+-------++-------
Melee: Quarterstaff      |     4 |    28 |    19 ||    51
       Unarmed           |     1 |       |       ||     1
       Tailslap          |       |     3 |     2 ||     5
 Cast: Foxfire           |     6 |    16 |     4 ||    26
       Conjure Flame     |       |     1 |     1 ||     2
       Sticky Flame      |       |       |     4 ||     4
       Stone Arrow       |       |       |     4 ||     4
       Fireball          |       |       |     1 ||     1
  Use: Potion            |       |     1 |     2 ||     3
 Stab: Sleeping          |       |     1 |       ||     1
Armor: Skin              |     5 |    15 |     8 ||    28
Dodge: Dodged            |     8 |    23 |    13 ||    44
